Map: Abyssal Reef LE

Players

Dayshi - Winner!

  • Race: Terran Terran
  • Spawn Location: 11:00

Minato

  • Race: Zerg Zerg
  • Spawn Location: 5:00

Event: WCS Valencia 2017

VOD

Have the link to the VOD?

Description

Time

  • Played on: July 13, 2017, 7:58 a.m.
  • Length: 11:45

All games in this series

Show
View Real Time Build Order
Export as new Build Order

Dayshi Terran - Winner!

Build Orders: Reaper Expand, Hellion Banshee, MMM Bio 

Get SALT Encoding   

  12  0:00  SCV  
  13  0:12  SCV  
  14  0:17  Supply Depot  
  14  0:24  SCV  
  15  0:29  Refinery  
  15  0:39  SCV  
  16  0:44  Barracks  
  16  0:51  SCV  
  17  1:07  SCV  
  18  1:19  SCV  
  19  1:31  Orbital Command, Reaper  
  20  1:44  Command Center  
  20  1:57  Factory  
  20  1:58  SCV  
  21  2:06  Barracks Reactor  
  21  2:08  Supply Depot  
  21  2:11  SCV  
  22  2:21  Refinery  
  22  2:23  SCV  
  23  2:36  SCV  
  24  2:48  SCV, Starport  
  24  2:49  Hellion x2  
  29  2:56  Orbital Command  
  29  3:00  SCV  
  29  3:02  Barracks Tech Lab  
  30  3:10  Hellion  
  30  3:11  Hellion  
  30  3:12  SCV  
  35  3:22  SCV  
  35  3:24  SCV  
  37  3:32  Supply Depot  
  37  3:34  SCV  
  37  3:36  SCV  
  37  3:38  Banshee, Cloaking Field  
  42  3:43  Hellion  
  44  3:49  Hellion  
  44  3:54  SCV x2  
  44  3:55  Barracks Tech Lab, Supply Depot  
  48  4:06  SCV x2  
  48  4:07  Hellion  
  52  4:10  Hellion  
  54  4:18  SCV x2  
  53  4:25  Banshee  
  53  4:26  Marine  
  53  4:27  Stimpack  
  53  4:30  SCV x2  
  57  4:33  Supply Depot  
  57  4:40  Barracks  
  57  4:43  SCV x2  
  57  4:44  Barracks, Factory Reactor  
  59  4:54  Command Center  
  59  4:57  SCV  
  59  4:58  SCV  
  61  5:10  SCV x2  
  61  5:13  Refinery  
  61  5:14  Engineering Bay x2, Refinery  
  61  5:20  Marine  
  62  5:26  Barracks  
  62  5:27  SCV x2  
  64  5:29  Starport Reactor  
  64  5:30  Barracks  
  64  5:39  SCV x2  
  64  5:40  Marine  
  64  5:41  Marine  
  65  5:44  Marine  
  65  5:48  Terran Infantry Weapons Level 1  
  65  5:49  Terran Infantry Armor Level 1, Supply Depot  
  66  5:53  SCV x2, Supply Depot  
  68  5:57  Marine x2  
  70  6:06  Siege Tank, Marine x2, Medivac  
  70  6:09  Orbital Command  
  77  6:13  Medivac  
  77  6:14  SCV  
  77  6:16  Barracks Reactor  
  77  6:17  Barracks Reactor  
  80  6:20  SCV  
  80  6:22  Marine x2  
  80  6:25  Marine  
  83  6:26  Marine, SCV  
  83  6:27  Marine  
  83  6:32  SCV, Supply Depot  
  88  6:35  Combat Shields  
  88  6:40  Marine  
  88  6:41  SCV x2  
  88  6:44  Marine, Medivac, Supply Depot  
  88  6:45  Supply Depot  
  88  6:46  Medivac  
  96  6:49  Siege Tank  
  96  6:50  Marine  
  96  6:51  Marine  
  101  6:57  Marine  
  101  6:58  Marine x5  
  101  6:59  SCV x2  
  109  7:03  Armory  
  109  7:06  SCV  
  109  7:07  Supply Depot  
  109  7:08  Supply Depot  
  110  7:13  Supply Depot  
  110  7:15  Marine x5  
  110  7:16  Marine  
  110  7:22  Marine x3  
  114  7:26  Siege Tank  
  114  7:27  Medivac x2  
  114  7:29  SCV x3  
  126  7:33  Marine x2  
  126  7:34  Marine  
  126  7:36  Supply Depot  
  129  7:50  Terran Infantry Weapons Level 2  
  129  7:51  Marine x8  
  130  7:52  Marine  
  130  7:54  SCV x3  
  130  7:55  Terran Infantry Armor Level 2  
  141  8:00  Supply Depot  
  141  8:05  Medivac  
  142  8:08  Marine  
  142  8:09  Marine x5  
  142  8:10  Marine  
  142  8:11  Marine x2  
  150  8:16  Siege Tank  
  150  8:21  Refinery  
  150  8:22  Refinery  
  150  8:26  Marine  
  150  8:27  Marine  
  151  8:30  Barracks  
  151  8:31  Barracks, Concussive Shells  
  151  8:32  Barracks  
  152  8:39  Marine x2  
  138  8:43  Marine x2  
  138  8:44  Medivac, Terran Vehicle Weapons Level 1  
  126  8:54  Siege Tank  
  126  8:55  Marine  
  129  8:56  Marine x4  
  129  8:57  Marine x2, Command Center  
  129  9:00  Marine  
  129  9:01  Marine  
  138  9:13  Marine x3  
  138  9:14  Marine x2, Medivac x2  
  138  9:15  Marine  
  132  9:24  Marine x3  
  132  9:25  Barracks Tech Lab x3  
  132  9:31  Marine  
  135  9:33  Marauder, Marine x3  
  135  9:34  Siege Tank, Liberator  
  135  9:35  Liberator  
  144  9:39  Marine  
  144  9:41  Supply Depot  
  144  9:42  Marine x3, Supply Depot  
  148  9:50  Command Center  
  154  9:54  Marauder x2  
  154  9:55  Marauder x2, Marine  
  154  9:56  Marine  
  164  10:05  Marine  
  162  10:12  Marine  
  156  10:15  Marauder  
  156  10:16  Marauder x2  
  156  10:17  Marauder  
  156  10:18  Missile Turret  
  156  10:19  Planetary Fortress  
  164  10:25  Marine  
  163  10:31  Siege Tank, Marine  
  163  10:34  Medivac  
  171  10:36  Marauder  
  171  10:37  Marauder, Marine x3  
  171  10:39  Liberator  
  176  10:42  Marine  
  176  10:43  Marauder  
  176  10:46  Marauder, Marine x2  
  166  10:58  Marauder, Marine  
  166  10:59  Marauder, Marine x3  
  166  11:00  Marine  
  166  11:03  Siege Tank  
  175  11:06  Marauder, Marine  
  175  11:12  Marine  
  175  11:13  Marauder  
  178  11:20  Marine x3  
  178  11:21  Marauder x2, Marine x2  
Show
View Real Time Build Order
Export as new Build Order

Minato Zerg 

Build Orders: Hatch First 

Get SALT Encoding   

  12  0:00  Drone  
  13  0:13  Overlord  
  13  0:17  Drone  
  14  0:31  Drone x2  
  14  0:35  Drone  
  17  0:52  Hatchery  
  17  0:55  Drone  
  17  0:59  Drone  
  18  1:10  Extractor  
  17  1:14  Spawning Pool  
  17  1:17  Drone  
  17  1:22  Drone  
  18  1:28  Drone  
  19  1:40  Overlord  
  19  1:50  Drone  
  20  2:00  Queen  
  20  2:01  Zergling x2  
  23  2:04  Queen, Zergling x2  
  26  2:15  Metabolic Boost  
  26  2:17  Zergling x4  
  26  2:22  Drone  
  29  2:28  Drone  
  30  2:33  Drone  
  30  2:36  Spore Crawler, Queen  
  32  2:41  Queen  
  35  2:49  Overlord  
  35  2:50  Drone  
  36  2:52  Overlord  
  36  3:10  Drone x2  
  36  3:11  Drone x2  
  39  3:20  Drone x3  
  39  3:26  Drone x3  
  39  3:27  Drone  
  46  3:30  Queen  
  46  3:32  Queen  
  50  3:43  Drone x2  
  50  3:44  Spore Crawler  
  49  4:04  Zergling x6  
  49  4:06  Overlord x2  
  52  4:10  Hatchery  
  49  4:24  Drone x2  
  50  4:31  Drone x2  
  50  4:32  Drone x5  
  50  4:35  Evolution Chamber  
  50  4:36  Extractor, Evolution Chamber  
  50  4:37  Spore Crawler  
  53  4:44  Drone  
  54  4:49  Queen  
  56  4:57  Drone x3  
  56  4:58  Drone x5  
  66  5:11  Zergling x4  
  67  5:15  Extractor  
  67  5:18  Roach Warren  
  65  5:24  Lair  
  63  5:28  Zerg Ground Armor Level 1  
  63  5:29  Drone x2  
  63  5:30  Overlord x4  
  64  5:43  Drone x2  
  66  5:50  Drone x4  
  66  5:51  Drone  
  66  5:55  Drone x3  
  66  5:56  Drone  
  75  5:58  Extractor, Drone x2  
  75  5:59  Drone x5  
  81  6:05  Drone  
  81  6:08  Drone  
  83  6:12  Roach  
  85  6:19  Extractor  
  85  6:20  Extractor  
  85  6:23  Glial Reconstitution  
  85  6:25  Zerg Missile Weapons Level 1  
  83  6:26  Drone x3  
  83  6:27  Infestation Pit, Drone x3  
  83  6:31  Hatchery  
  86  6:40  Roach x4  
  86  6:41  Roach  
  86  6:44  Overlord x2  
  86  6:46  Overseer  
  96  7:04  Hive  
  96  7:10  Infestor x2  
  100  7:17  Zergling x20  
  100  7:19  Hatchery  
  109  7:26  Infestor x2  
  109  7:28  Overlord x3  
  113  7:36  Overlord x4  
  112  7:47  Zergling x2  
  112  7:48  Zergling x16  
  120  7:52  Zergling x2, Roach  
  120  7:58  Zergling x2, Roach  
  124  8:03  Zergling x4, Roach x2  
  123  8:13  Zergling x4  
  123  8:14  Roach  
  123  8:19  Zerg Ground Armor Level 2, Zerg Melee Weapons Level 1  
  126  8:25  Ultralisk Cavern  
  125  8:28  Zergling x4, Roach x2  
  127  8:39  Zergling x6, Roach x2  
  127  8:40  Extractor  
  117  8:41  Extractor  
  110  8:53  Zergling x6, Roach x3  
  119  8:59  Zergling x4  
  119  9:02  Hatchery, Zergling x2  
  123  9:03  Zergling x4  
  123  9:04  Zergling x2  
  123  9:05  Zergling x2  
  116  9:12  Zergling x2  
  116  9:13  Zergling x2, Roach x2  
  105  9:24  Chitinous Plating  
  105  9:25  Ultralisk  
  105  9:26  Zergling x8  
  115  9:46  Zergling x6  
  118  9:56  Zergling x6  
  118  9:57  Zergling x8  
  121  10:08  Ultralisk, Zergling x18  
  121  10:09  Zergling x8  
  121  10:10  Zergling x2  
  121  10:11  Zergling x2  
  121  10:13  Zergling x2  
  142  10:17  Zergling x6  
  142  10:25  Zergling x10  
  138  10:29  Zergling x4  
  138  10:35  Zergling x8  
  144  10:44  Zergling x4  
  144  10:45  Zergling x2  
  145  10:54  Zergling x6  
  145  10:55  Zergling x6  
  138  11:04  Zergling x2  
  138  11:05  Zergling x10  
  138  11:08  Zergling x4  
  134  11:14  Zergling x4  
  132  11:18  Zergling x4  
  132  11:21  Zergling x2  
Tags
 
Add a new tag
Caveats
  • Supply blocks, unpowered buildings, or Contaminate may cause inaccurate times.
  • Supply counts are checked every 10 seconds.